AoeStats
← Savitar1678

Arabia

509951456Analyzed
1v1 RM · 2d ago on Sep 28, 2026· 47m 54s· 2 players
Game mode
Random Map
Map size
Tiny (2 player)
Population
200
Speed
Normal
Resources
Standard
Victory
Conquest
Starting age
Dark Age
Ending age
Imperial Age
RankedLock teamsTeams togetherTeam positionsShared explorationLock speedFull tech treeHidden civsTurbo modeCheats
Victory
Defeat
🇺🇸 Slavs · United States
1026
+14
🇨🇴 Mongols · Colombia
989
-14
Shaka
4:05 Loom
9:26 Feudal Age
10:31 Town Watch
10:33 Double-Bit Axe
10:31 Horse Collar
20:35 Castle Age
19:12 Scale Barding Armor
19:20 Forging
19:59 Bloodlines
20:49 Light Cavalry
21:30 Husbandry
22:27 Bow Saw
23:20 Heavy Plow
26:07 Iron Casting
25:56 Chain Barding Armor
30:58 Town Patrol
32:17 Wheelbarrow
33:46 Iron Casting
34:08 Devotion
34:04 Herbal Medicine
38:01 Imperial Age
36:27 Fletching
36:38 Scale Mail Armor
36:39 Padded Archer Armor
36:22 Pikeman
37:02 Squires
36:48 Arson
37:04 Bodkin Arrow
37:32 Hand Cart
37:38 Hand Cart
38:38 Heavy Camel Rider
38:40 Hussar
39:43 Chain Mail Armor
40:29 Blast Furnace
41:12 Plate Mail Armor
40:43 Bracer
41:17 Gold Mining
41:17 Stone Mining
45:08 Gold Shaft Mining
45:09 Stone Shaft Mining
44:48 Man-at-Arms
45:28 Padded Archer Armor
Savitar1678
5:13 Loom
10:35 Feudal Age
11:41 Double-Bit Axe
13:40 Horse Collar
22:40 Castle Age
20:36 Stone Mining
21:08 Gold Mining
21:56 Bloodlines
22:14 Forging
22:35 Scale Barding Armor
23:58 Bow Saw
25:14 Wheelbarrow
27:25 Fletching
27:50 Husbandry
29:12 Town Watch
30:14 Chain Barding Armor
30:42 Detinets
32:28 Gold Shaft Mining
33:11 Hand Cart
37:38 Imperial Age
34:50 Man-at-Arms
35:31 Squires
36:16 Ballistics
36:49 Town Patrol
38:23 Iron Casting
37:44 Bodkin Arrow
37:20 Long Swordsman
38:52 Devotion
38:20 Two-Handed Swordsman
39:10 Elite Boyar
40:18 Champion
42:43 Scale Mail Armor
43:44 Blast Furnace
43:27 Plate Barding Armor
45:33 Chain Mail Armor
46:16 Druzhina
46:38 Conscription
Connection lost

Rejoining the realm…

Still unreachable

The connection could not be restored.

Session expired

The server has moved on; the page needs a fresh start.